 Dungeon Crawl Stone Soup version 0.24.0-13-gcf9b3192b9 (console) character file.

Game seed: 8323671792240445540, levelgen mode: deterministic

164 AlterAsc the Changer (level 5, 0/33 HPs)
             Began as an Octopode Transmuter on Nov 9, 2019.
             Was an Initiate of Ashenzari.
             Killed by divine providence
             ... invoked by an orc priest
              (9 damage)
             ... on level 4 of the Dungeon.
             The game lasted 00:06:40 (2841 turns).

AlterAsc the Changer (Octopode Transmuter)          Turns: 2841, Time: 00:06:41

Health: 0/33       AC:  2    Str: 11    XL:     5   Next: 45%
Magic:  7/9        EV: 20    Int: 21    God:    Ashenzari [......]
Gold:   120        SH:  0    Dex: 17    Spells: 0/10 levels left

rFire    . . .     SeeInvis .     - Unarmed
rCold    . . .     Gourm    .   (shield currently unavailable)
rNeg     . . .     Faith    .   (helmet currently unavailable)
rPois    x         Spirit   .   (no amulet)
rElec    .         Reflect  .   h - +4 ring of intelligence
rCorr    .         Harm     .   i - ring of protection from magic
MR       +....                  k - +2 ring of intelligence
Stlth    ++........             (no ring)
HPRegen  0.11/turn              (no ring)
MPRegen  0.11/turn              (no ring)
                                (no ring)
                                (no ring)

@: spider-form (expiring)
A: tiny, almost no armour, stealthy swim, (amphibious), 8 rings, (constrict 8)
a: End Transformation, Curse Item, Renounce Religion


You were on level 4 of the Dungeon.
You worshipped Ashenzari.
Ashenzari was noncommittal.
You were not hungry.
You were a venomous arachnid creature.
You visited 1 branch of the dungeon, and saw 4 of its levels.

You collected 120 gold pieces.

Inventory:

Missiles
 a - 11 arrows
Jewellery
 h - a +4 ring of intelligence (left front leg)
 i - a ring of protection from magic (right front leg)
 k - a +2 ring of intelligence (on tentacle)
Scrolls
 d - a scroll of remove curse
 e - 5 scrolls of identify {unknown}
 g - a scroll of noise {unknown}
 o - 2 scrolls of teleportation {unknown}
 t - a scroll of vulnerability {unknown}
Potions
 b - a potion of berserk rage {unknown}
 f - a potion of might {unknown}
 j - a potion of brilliance {unknown}
 m - a potion of magic {unknown}
 n - a potion of flight {unknown}
 p - a potion of degeneration {unknown}
 r - a potion of mutation {unknown}
 s - a potion of invisibility {unknown}
 u - a potion of heal wounds {unknown}
Comestibles
 c - 6 rations
 q - 3 chunks of flesh


   Skills:
 - Level 1.2 Fighting
 - Level 2.1 Dodging
 - Level 3.1 Unarmed Combat
 + Level 3.1 Spellcasting
 * Level 4.4 Transmutations
 + Level 0.5 Ice Magic


You couldn't memorise any spells.
You knew the following spells:

 Your Spells              Type           Power        Failure   Level  Hunger
a - Beastly Appendage     Tmut           ###...       9%          1    None
b - Sticks to Snakes      Tmut           ###.....     11%         2    ##.....
c - Spider Form           Tmut/Pois      ##........   34%         3    ###....
d - Ice Form              Ice/Tmut       ##......     65%         4    ####...

Your spell library contained the following spells:

 Spells                   Type           Power        Failure   Level  Hunger
 Blade Hands              Tmut           ###.......   73%         5    ######.


Dungeon Overview and Level Annotations

Branches:
Dungeon (4/15)
 Temple: D:4-7

Altars:
Ashenzari

Annotations:
D:3 Sigmund


Innate Abilities, Weirdness & Mutations

You cannot wear most types of armour.
You are very stealthy in the water. (Stealth+)
((You are amphibious.))
You can wear up to eight rings at the same time.
((You can use your tentacles to constrict eight enemies at once.))
((Your skin changes colour to match your surroundings (Stealth+).))
((Your rubbery body absorbs attacks. (AC +1, EV +1)))


Message History

* * * LOW HITPOINT WARNING * * *
You feel better. The orc hits you with a +0 dagger.
* * * LOW HITPOINT WARNING * * *
You hit the orc but do no damage.
The orc is poisoned.
The orc wizard mumbles some strange words.
The orc wizard blinks!
You barely miss the orc priest. The orc closely misses you.
The orc priest closely misses you.
You barely miss the orc priest.
You kill the orc!
You hit the orc priest.
The orc priest is poisoned.
The orc priest is lightly wounded.
The orc priest hits you with a +0 club.
* * * LOW HITPOINT WARNING * * *
You hit the orc priest.
The orc priest looks as sick as possible!
The orc priest is moderately wounded.
The orc priest invokes the aid of Beogh against you.
Beogh smites you!
You die...

..........### #..##.
...........#####....
......(............. . #
####.............## ...
#. ###........####.##
....#.##..........#......
.......#...####+#.#...#÷#
#.oo)..# .#...#<.
#.....##s..# .#..(#.÷
#.... #...# .....#.. #(..
#.### ####..#.. #.. #.#
...#.# #. #.# ##.#.. #
#.# ### #.# #.# #..


You could see an orc priest and an orc.

Vanquished Creatures
  An orc priest (D:4)
  Robin (D:3)
  4 adders
  A dart slug (D:1)
  5 leopard geckos
  2 orcs
  A ball python (D:2)
  5 giant cockroaches
  14 hobgoblins
  2 jackals (D:2)
  A quokka (D:2)
  6 bats
  3 frilled lizards
  16 goblins
  6 kobolds
  5 rats
73 creatures vanquished.

Notes
Turn   | Place    | Note
-------+----------+-------------------------------------------
     0 | D:1      | AlterAsc the Octopode Transmuter began the quest for the
                  | Orb.
     0 | D:1      | Reached XP level 1. HP: 13/13 MP: 3/3
    87 | D:1      | Reached XP level 2. HP: 18/18 MP: 3/5
   545 | D:1      | Learned a level 2 spell: Sticks to Snakes
   812 | D:2      | Found a shattered altar of Ashenzari.
   837 | D:2      | Became a worshipper of Ashenzari the Shackled
   849 | D:2      | Reached XP level 3. HP: 14/23 MP: 4/6
   856 | D:2      | Learned a level 3 spell: Spider Form
  1105 | D:2      | Reached skill level 3 in Transmutations
  1515 | D:2      | Reached XP level 4. HP: 20/28 MP: 4/8
  2268 | D:3      | Noticed Robin
  2338 | D:3      | Killed Robin
  2343 | D:3      | Reached skill level 4 in Transmutations
  2555 | D:3      | Reached XP level 5. HP: 26/33 MP: 9/9
  2665 | D:3      | Learned a level 4 spell: Ice Form
  2732 | D:3      | Noticed Sigmund
  2841 | D:4      | Killed from afar by an orc priest

Levels and vault maps discovered:
D:1:      dpeg_arrival_shrine, layout_rooms, minmay_misc_feat_doors
D:2:      layout_loops_ring, first_ration, ashenzari_altar_1
D:3:      layout_basic, minivault_5, uniq_grinder, uniq_robin, uniq_sigmund
D:4:      layout_basic, kennysheep_mini, serial_shops, shop

Skill      XL: |  1  2  3  4 |
---------------+-------------+-----
Transmutations | 3 4 |  4.4
Spellcasting   | 3 |  3.1
Fighting       | |  1.2
Dodging        | |  2.1
Unarmed Combat | |  3.1
Ice Magic      | |  0.5

Action                   |  1- 3 |  4- 6 || total
-------------------------+-------+-------++-------
Melee: Unarmed           |    84 |    87 ||   171
       Kick              |    12 |     9 ||    21
       Constrict         |    26 |    16 ||    42
       Tentacles         |     8 |     9 ||    17
       Punch             |       |     1 ||     1
 Cast: Beastly Appendage |    13 |     6 ||    19
       Spider Form       |     1 |     4 ||     5
       Sticks to Snakes  |     1 |       ||     1
  Use: Potion            |       |     1 ||     1
 Stab: Sleeping          |     7 |     3 ||    10
  Eat: Chunk             |     2 |     5 ||     7
Armor: Skin              |    10 |     4 ||    14
Dodge: Dodged            |    66 |    51 ||   117
